Map: Berlingrad LE

Players

Trap

  • Race: Protoss Protoss

Ryung - Winner!

  • Race: Terran Terran
  • League: Master

Event: DreamHack SC2 Masters Last Chance 2022

VOD

Have the link to the VOD?

Description

Time

  • Played on: Dec. 15, 2021, 6:40 a.m.
  • Length: 11:13

All games in this series

Show
View Real Time Build Order
Export as new Build Order

Trap Protoss 

Build Orders: 1 Gate Expand, Phoenix Opening, Mass Phoenix 

Get SALT Encoding   

  12  0:00  Probe  
  13  0:12  Probe  
  14  0:18  Pylon  
  14  0:24  Probe (Chrono Boost)  
  15  0:36  Probe (Chrono Boost)  
  15  0:37  Gateway  
  16  0:44  Probe (Chrono Boost)  
  16  0:46  Assimilator  
  17  0:50  Probe  
  18  1:03  Probe  
  19  1:15  Probe  
  20  1:24  Nexus  
  20  1:34  Cybernetics Core  
  20  1:37  Probe  
  21  1:43  Assimilator  
  21  1:50  Probe  
  21  1:53  Pylon  
  22  2:02  Probe  
  23  2:09  Adept (Chrono Boost)  
  23  2:14  Probe, Shield Battery  
  26  2:23  Stargate  
  26  2:26  Probe  
  26  2:30  Warp Gate  
  26  2:36  Adept  
  28  2:39  Probe (Chrono Boost)  
  30  2:49  Probe (Chrono Boost)  
  30  2:51  Probe (Chrono Boost)  
  31  2:55  Probe (Chrono Boost)  
  31  2:56  Probe (Chrono Boost)  
  33  3:05  Phoenix (Chrono Boost)  
  33  3:06  Adept  
  33  3:07  Probe  
  33  3:10  Probe  
  38  3:20  Probe  
  38  3:21  Phoenix  
  38  3:22  Probe  
  42  3:39  Probe x2  
  43  3:45  Phoenix (Chrono Boost)  
  44  3:50  Pylon  
  44  3:54  Probe x2  
  46  3:58  Gateway  
  46  4:01  Phoenix (Chrono Boost)  
  44  4:08  Probe (Chrono Boost)  
  48  4:11  Probe (Chrono Boost)  
  49  4:18  Probe (Chrono Boost)  
  49  4:26  Phoenix (Chrono Boost), Probe (Chrono Boost)  
  49  4:28  Probe (Chrono Boost)  
  49  4:32  Nexus  
  49  4:36  Pylon  
  49  4:38  Adept  
  51  4:42  Gateway  
  51  4:48  Phoenix (Chrono Boost)  
  53  4:55  Adept  
  53  4:56  Probe  
  53  4:57  Probe, Shield Battery  
  57  5:00  Adept  
  57  5:04  Pylon  
  59  5:11  Phoenix (Chrono Boost)  
  61  5:15  Probe  
  62  5:22  Adept x2, Probe  
  62  5:24  Pylon  
  67  5:34  Phoenix (Chrono Boost)  
  68  5:42  Probe  
  68  5:43  Probe  
  68  5:46  Assimilator  
  69  5:50  Adept x3, Assimilator  
  69  5:54  Probe  
  69  5:55  Probe x2  
  78  6:01  Forge  
  78  6:03  Gateway  
  78  6:07  Probe x2  
  80  6:11  Probe  
  80  6:15  Twilight Council  
  81  6:18  Adept x3  
  81  6:19  Probe  
  81  6:22  Protoss Ground Weapons Level 1 (Chrono Boost), Pylon  
  88  6:29  Probe x2  
  88  6:31  Probe  
  91  6:34  Phoenix  
  91  6:36  Pylon  
  93  6:42  Gateway  
  93  6:44  Gateway, Sentry  
  95  6:49  Probe x2  
  95  6:50  Probe  
  95  6:51  Charge (Chrono Boost)  
  98  7:04  Zealot x2, Gateway  
  98  7:05  Sentry  
  98  7:08  Shield Battery  
  104  7:11  Shield Battery  
  104  7:12  Zealot  
  104  7:14  Probe x2  
  104  7:15  Probe  
  109  7:20  Gateway  
  109  7:30  Assimilator  
  109  7:31  Assimilator  
  109  7:33  Templar Archives, Shield Battery  
  109  7:41  Pylon  
  109  7:45  Pylon  
  109  7:46  Robotics Facility  
  109  7:47  Pylon  
  109  7:59  Probe x3  
  109  8:00  Zealot, Sentry  
  109  8:03  Zealot x4  
  124  8:09  Pylon  
  124  8:10  Pylon  
  124  8:12  Probe x2  
  126  8:13  Photon Cannon, Probe  
  126  8:17  Protoss Ground Armor Level 1 (Chrono Boost), High Templar x2  
  131  8:20  Pylon  
  131  8:21  Archon  
  129  8:27  Nexus  
  129  8:30  High Templar, Pylon  
  129  8:31  High Templar  
  133  8:35  Observer (Chrono Boost)  
  133  8:40  Zealot x4  
  133  8:41  Archon  
  142  8:48  Immortal (Chrono Boost), Pylon  
  146  9:04  High Templar x2  
  146  9:05  Zealot x6  
  146  9:09  Archon  
  162  9:15  Shield Battery  
  162  9:17  Shield Battery  
  162  9:19  Robotics Facility  
  162  9:20  Robotics Bay  
  162  9:25  Immortal (Chrono Boost)  
  146  9:36  Zealot x4  
  145  9:46  High Templar x2  
  145  9:47  Zealot x2  
  145  9:50  Photon Cannon, Archon  
  153  9:59  Immortal (Chrono Boost)  
  157  10:06  Sentry x3  
  143  10:07  Zealot x3  
  133  10:18  Disruptor (Chrono Boost)  
  128  10:23  Zealot x2  
  128  10:27  Gateway  
  130  10:29  Gateway, Zealot x4  
  130  10:30  Zealot  
  120  10:45  Zealot x3  
  116  11:05  Zealot x7  
  116  11:06  Zealot  
Show
View Real Time Build Order
Export as new Build Order

Ryung Terran - Winner!

Build Orders:  

Get SALT Encoding   

  12  0:00  SCV  
  13  0:12  SCV  
  14  0:17  Supply Depot  
  14  0:24  SCV  
  15  0:38  SCV  
  15  0:40  Barracks  
  16  0:43  Refinery  
  16  0:50  SCV  
  16  0:52  Refinery  
  17  1:02  SCV  
  18  1:07  Supply Depot  
  18  1:15  SCV  
  19  1:26  Reaper  
  19  1:27  Orbital Command  
  20  1:41  Factory  
  20  1:53  SCV  
  21  1:58  Reaper  
  22  2:05  SCV  
  23  2:17  SCV  
  23  2:20  Command Center  
  24  2:27  Hellion  
  27  2:30  SCV  
  27  2:31  Barracks Reactor  
  27  2:42  SCV  
  28  2:48  Starport  
  28  2:50  Supply Depot  
  28  2:54  SCV  
  28  2:55  Widow Mine  
  31  3:12  SCV, Marine x2  
  34  3:24  SCV  
  37  3:27  Viking, Factory Tech Lab  
  37  3:32  Marine x2  
  39  3:38  SCV  
  39  3:40  Orbital Command  
  38  3:47  Cyclone  
  41  3:50  SCV  
  41  3:57  Viking  
  41  4:00  Barracks  
  41  4:01  Marine x2  
  45  4:05  SCV  
  45  4:06  SCV  
  45  4:15  Supply Depot  
  45  4:17  SCV  
  45  4:18  SCV  
  45  4:21  Siege Tank  
  45  4:23  Marine x2  
  50  4:32  Viking  
  50  4:34  SCV  
  50  4:35  SCV  
  50  4:36  Supply Depot  
  54  4:41  Marine x2  
  56  4:47  SCV  
  56  4:48  Barracks Tech Lab, Barracks  
  56  4:49  SCV  
  58  4:59  Engineering Bay  
  58  5:00  Marine  
  58  5:01  Marine  
  58  5:02  SCV x2  
  62  5:11  Siege Tank, Viking  
  67  5:15  Refinery  
  67  5:16  Supply Depot  
  67  5:17  SCV  
  67  5:20  SCV  
  67  5:21  Marine  
  69  5:28  Marine  
  65  5:37  Barracks Tech Lab, Stimpack  
  65  5:38  SCV  
  65  5:39  SCV  
  67  5:47  Terran Infantry Weapons Level 1  
  67  5:49  Supply Depot  
  67  5:50  SCV  
  67  5:51  SCV, Refinery  
  69  5:58  Marine x4  
  72  6:05  SCV x2  
  72  6:08  Starport Reactor  
  72  6:10  Factory Reactor  
  71  6:14  Supply Depot  
  71  6:17  SCV x2  
  71  6:18  Combat Shield, Marine x2  
  74  6:19  Marine x2  
  75  6:34  SCV x2  
  75  6:37  Command Center  
  75  6:39  Marine x2  
  80  6:40  Marauder  
  80  6:46  Medivac  
  80  6:47  Medivac  
  85  6:54  Marauder  
  85  6:56  SCV x2  
  85  6:58  Supply Depot  
  85  6:59  Missile Turret  
  85  7:00  Widow Mine  
  90  7:01  Widow Mine  
  90  7:07  Missile Turret  
  90  7:15  Supply Depot  
  90  7:16  Medivac  
  90  7:17  Medivac  
  94  7:24  SCV  
  94  7:28  Barracks  
  94  7:29  Barracks  
  93  7:31  Marauder x2, Marine x2  
  93  7:34  Concussive Shells  
  99  7:38  Widow Mine  
  99  7:39  Supply Depot  
  100  7:44  Terran Infantry Armor Level 1  
  100  7:46  Medivac  
  102  7:51  Marine x2  
  102  7:52  Medivac  
  102  7:54  Orbital Command  
  102  7:57  SCV x2  
  108  8:00  Marine x2  
  110  8:07  Widow Mine x2  
  110  8:11  Marine x2  
  110  8:12  SCV x2  
  117  8:18  Barracks Reactor  
  117  8:20  Orbital Command  
  117  8:21  Ghost Academy  
  117  8:25  Marine  
  117  8:26  Marine  
  121  8:27  Marauder  
  121  8:32  Widow Mine x2, Missile Turret  
  125  8:36  Supply Depot, SCV x2  
  126  8:46  SCV  
  126  8:47  Supply Depot  
  127  8:48  SCV  
  127  8:49  SCV  
  127  8:54  Ghost x3  
  133  8:58  Supply Depot  
  133  8:59  Marine  
  133  9:00  Marine x2  
  135  9:05  SCV x3  
  138  9:18  Enhanced Shockwaves  
  138  9:21  Supply Depot  
  138  9:30  Ghost x2  
  138  9:31  Marine x4  
  134  9:37  Widow Mine  
  137  9:41  Ghost  
  137  9:42  SCV  
  137  9:43  SCV x2  
  142  9:53  Marine x4  
  142  9:54  SCV  
  142  9:58  Supply Depot, Widow Mine  
  142  9:59  Widow Mine  
  151  10:05  Marine x2  
  145  10:09  Marine  
  141  10:15  Marine  
  141  10:18  Marine x2  
  141  10:20  Widow Mine x2  
  142  10:24  Marine x2  
  139  10:36  Ghost x2, Marine x2  
  139  10:37  Marine  
  139  10:42  Ghost  
  136  10:43  Marine  
  136  10:47  Widow Mine x2  
  141  10:51  SCV x3  
  141  10:53  Marine  
  141  10:54  Marine  

Tags
 
Add a new tag
Caveats
  • Supply blocks, unpowered buildings, or Contaminate may cause inaccurate times.
  • Supply counts are checked every 10 seconds.